 Dungeon Crawl Stone Soup version 0.19.5 (webtiles) character file.

392 tof the Charmwright (level 6, -28/42 HPs)
             Began as a High Elf Skald on Mar 2, 2017.
             Was an Initiate of Makhleb.
             Killed from afar by a leopard gecko (58 damage)
             ... with an exploding inner flame
             ... hexed by the player character
             ... on level 5 of the Dungeon.
             The game lasted 00:11:39 (5947 turns).

tof the Charmwright (High Elf Skald)                Turns: 5947, Time: 00:11:39

Health: -28/42     AC:  6    Str: 11    XL:     6   Next: 51%
Magic:  12/12      EV:  9    Int: 16    God:    Makhleb [......]
Gold:   147        SH:  0    Dex: 19    Spells: 2 memorised, 9 levels left

rFire  x . .     SeeInvis .     a - +1 falchion
rCold  + . .     Gourm    .     i - +0 scale mail
rNeg   . . .     Faith    .     (no shield)
rPois  .         Spirit   .     (no helmet)
rElec  .         Reflect  .     (no cloak)
rCorr  .         Harm     .     (no gloves)
MR     .....                    (no boots)
Stlth  ..........               r - amulet of rage
                                C - +2 ring of dexterity
                                D - ring of ice

@: lethally poisoned (-28 -> -32)
A: no striking features
a: Renounce Religion, Evoke Berserk Rage


You were on level 5 of the Dungeon.
You worshipped Makhleb.
Makhleb was noncommittal.
You were not hungry.

You visited 1 branch of the dungeon, and saw 5 of its levels.

You collected 147 gold pieces.

Inventory:

Hand Weapons
 a - a +1 falchion (weapon)
 b - a +0 hunting sling
Missiles
 u - 78 stones (quivered)
Armour
 i - a +0 scale mail (worn)
 q - a +0 chain mail
 t - a +0 leather armour
Jewellery
 o - an uncursed ring of fire
 r - an amulet of rage (around neck)
 C - a +2 ring of dexterity (right hand)
 D - a ring of ice (left hand)
Wands
 w - a wand of acid (5/15)
Scrolls
 h - 2 scrolls of remove curse
 j - a scroll of amnesia
 m - 2 scrolls of identify
 x - a scroll of enchant armour {unknown}
 y - a scroll of blinking {unknown}
 z - a scroll of magic mapping {unknown}
 A - a scroll of random uselessness {unknown}
Potions
 l - a potion of agility {unknown}
 p - a potion of brilliance {unknown}
 s - 2 potions of lignification {unknown}
 v - a potion of curing {unknown}
 B - a potion of degeneration {unknown}
 E - a potion of resistance {unknown}
Books
 c - a book of Battle

   Spells                             Type                      Level
   a - Infusion                       Charms                       1
   b - Shroud of Golubria             Charms/Translocation         2
   c - Song of Slaying                Charms                       2
   d - Spectral Weapon                Hexes/Charms                 3
   e - Regeneration                   Charms/Necromancy            3
Comestibles
 d - 3 bread rations
 g - 4 fruits
 n - 2 beef jerkies


   Skills:
 * Level 3.6 Fighting
 * Level 4.7 Long Blades
 + Level 2.0 Armour
 + Level 2.0 Dodging
 + Level 3.8 Spellcasting
 + Level 5.0 Charms


You had 9 spell levels left.
You knew the following spells:

 Your Spells              Type           Power        Failure   Level  Hunger
a - Infusion              Chrm           ###.         17%         1    None
b - Song of Slaying       Chrm           ###.....     24%         2    ##.....


Dungeon Overview and Level Annotations

Branches:
Dungeon (5/15)
 Temple: D:4-7

Altars:
Dithmenos
Makhleb
Yredelemnul
Zin


Message History

You feel sick. The leopard gecko closely misses you. The worker ant bites you.
A quokka zombie comes into view.
You closely miss the worker ant.
The worker ant is lightly wounded.
You feel sick.
The leopard gecko bites you but does no damage.
The worker ant bites you but does no damage.
The leopard gecko barely misses you.
You riposte.
You hit the leopard gecko but do no damage.
The leopard gecko is lightly wounded.
The worker ant bites you.
You feel sick.
You hit the leopard gecko.
The leopard gecko is almost dead.
The leopard gecko barely misses you.
You slash the leopard gecko!
The leopard gecko explodes!
The fiery explosion engulfs you! The fire burns you terribly!
Ouch! That really hurt!
You die...

###
#..
#.#
#.# #
#.# ..
#.# .#
#.#
..#
#@# ..
#§##.#
#a§..#
#.####
#.#
#Z.
#.#
#.#
#.#


You could see a worker ant and a quokka zombie.

Vanquished Creatures
  An ogre (D:4)
  A scorpion (D:4)
  A howler monkey (D:4)
  An orc priest (D:3)
  A bullfrog skeleton (D:4)
  5 adders
  2 oozes (D:3)
  An adder skeleton (D:4)
  5 worms
  2 dart slugs (D:1)
  2 leopard geckos
  4 orcs
  2 giant cockroaches
  11 goblins
  9 hobgoblins
  5 jackals
  A quokka (D:4)
  10 bats
  4 frilled lizards
  A jackal skeleton (D:4)
  11 kobolds
  2 leopard gecko skeletons (D:4)
  A quokka skeleton (D:4)
  8 rats
91 creatures vanquished.

Notes
Turn   | Place    | Note
-------+----------+-------------------------------------------
     0 | D:1      | tof the High Elf Skald began the quest for the Orb.
     0 | D:1      | Reached XP level 1. HP: 14/14 MP: 4/4
   366 | D:1      | Reached skill level 4 in Charms
   375 | D:1      | Reached XP level 2. HP: 19/19 MP: 6/6
   871 | D:1      | Learned a level 2 spell: Song of Slaying
   926 | D:1      | Reached XP level 3. HP: 13/24 MP: 1/8
  1217 | D:1      | Reached skill level 1 in Armour
  1946 | D:2      | Reached XP level 4. HP: 18/30 MP: 9/9
  2501 | D:2      | Found a shadowy altar of Dithmenos.
  2769 | D:2      | Found a basalt altar of Yredelemnul.
  2769 | D:2      | Found a glowing silver altar of Zin.
  3310 | D:3      | Found a burning altar of Makhleb.
  3318 | D:3      | Became a worshipper of Makhleb the Destroyer
  4200 | D:3      | Reached XP level 5. HP: 30/36 MP: 11/11
  4659 | D:4      | Noticed an ogre
  4667 | D:4      | Killed an ogre
  4667 | D:4      | Reached XP level 6. HP: 6/42 MP: 3/12
  5048 | D:4      | Reached skill level 5 in Charms
  5930 | D:5      | Entered Level 5 of the Dungeon
  5947 | D:5      | Killed from afar by a leopard gecko

Skill      XL: |  1  2  3  4  5  6 |
---------------+-------------------+-----
Charms         | 4 5 |  5.0
Armour         | 1 2 |  2.0
Spellcasting   | 3 |  3.8
Long Blades    | 3 4 |  4.7
Fighting       | 3 |  3.6
Dodging        | 2 |  2.0

Action                   |  1- 3 |  4- 6 || total
-------------------------+-------+-------++-------
Melee: Falchion          |   108 |   210 ||   318
 Fire: Hunting sling     |       |     1 ||     1
 Cast: Infusion          |     5 |    11 ||    16
       Song of Slaying   |     3 |     7 ||    10
  Use: Scroll            |       |     6 ||     6
 Stab: Sleeping          |     1 |       ||     1
  Eat: Chunk             |     4 |     6 ||    10
       Meat ration       |       |     1 ||     1
       Bread ration      |       |     1 ||     1
Armor: Leather armour    |    11 |       ||    11
       Scale mail        |    22 |   103 ||   125
       Chain mail        |    17 |     9 ||    26
Dodge: Dodged            |    66 |   129 ||   195
       Rpst.: Falchion   |    20 |    42 ||    62
